AoeStats
← 888HJ

Arabia

510098835Analyzed
1v1 RM · 3d ago on Sep 29, 2026· 48m 38s· 2 players
Game mode
Random Map
Map size
Tiny (2 player)
Population
200
Speed
Normal
Resources
Standard
Victory
Conquest
Starting age
Dark Age
Ending age
Imperial Age
RankedLock teamsTeams togetherTeam positionsShared explorationLock speedFull tech treeHidden civsTurbo modeCheats
Victory
Defeat
🇹🇼 Franks · Taiwan
876
+15
🇦🇺 Magyars · Australia
861
-15
888HJ
8:16 Loom
10:52 Feudal Age
11:37 Double-Bit Axe
12:56 Horse Collar
21:27 Castle Age
20:57 Fletching
22:52 Bodkin Arrow
24:04 Town Watch
23:49 Pikeman
25:27 Bow Saw
27:10 Wheelbarrow
27:50 Gold Mining
30:21 Padded Archer Armor
32:00 Gold Shaft Mining
32:32 Hand Cart
37:01 Imperial Age
34:45 Thumb Ring
35:19 Leather Archer Armor
35:29 Corvinian Army
36:52 Bloodlines
36:45 Husbandry
37:43 Sanctity
39:05 Chemistry
38:54 Ballistics
38:32 Stone Mining
41:25 Conscription
40:29 Halberdier
41:13 Heavy Cavalry Archer
47:01 Bracer
47:05 Scale Mail Armor
47:05 Bracer
47:36 Ring Archer Armor
48:59 Chain Mail Armor
帥帥帥
12:11 Feudal Age
13:56 Double-Bit Axe
17:20 Castle Age
26:27 Bow Saw
31:39 Wheelbarrow
33:18 Husbandry
33:40 Hand Cart
34:53 Gold Mining
38:40 Imperial Age
36:50 Scale Barding Armor
38:27 Chain Barding Armor
39:45 Scale Mail Armor
39:57 Forging
39:09 Cavalier
41:02 Gold Shaft Mining
40:54 Conscription
40:47 Paladin
43:10 Chivalry
44:37 Iron Casting
49:06 Plate Barding Armor
Connection lost

Rejoining the realm…

Still unreachable

The connection could not be restored.

Session expired

The server has moved on; the page needs a fresh start.